 Dungeon Crawl Stone Soup version 0.15.1-3-g1b33baa (webtiles) character file.

231 Heini the Skirmisher (level 5, -3/49 HPs)
             Began as a Minotaur Fighter on Oct 10, 2014.
             Was an Initiate of Okawaru.
             Slain by an orc priest (5 damage)
             ... on Level 3 of the Dungeon.
             The game lasted 00:05:34 (2016 turns).

Heini the Skirmisher (Minotaur Fighter)             Turns: 2016, Time: 00:05:35

HP  -3/49        AC 13     Str 21      XL: 5   Next: 72%
MP   2/2         EV  6     Int  5      God: Okawaru [......]
Gold 168         SH  9     Dex 10      Spells:  0 memorised,  4 levels left

rFire  . . .     SeeInvis .     a - +0 flail
rCold  . . .     Clarity  .     b - +0 scale mail
rNeg   . . .     rCorr    .     c - +0 shield
rPois  .         rRot     .     (helmet restricted)
rElec  .         Spirit   .     k - +1 cloak
SustAb .         Warding  .     i - +2 pair of gloves
rMut   .         Stasis   .     (no boots)
Gourm  .                        (no amulet)
MR     .....                    (no ring)
                                (no ring)

@: slowed, very slow, not resistant to hostile enchantments, extremely
unstealthy
A: retaliatory headbutt, horns 2
a: Renounce Religion


You were on level 3 of the Dungeon.
You worshipped Okawaru.
Okawaru was noncommittal.
You were not hungry.

You visited 1 branch of the dungeon, and saw 4 of its levels.

You collected 168 gold pieces.

Inventory:

Hand weapons
 a - a +0 flail (weapon)
Armour
 b - a +0 scale mail (worn)
 c - a +0 shield (worn)
 i - a +2 pair of gloves (worn)
 k - a +1 cloak (worn)
Magical devices
 j - a wand of polymorph (10) {unknown}
 l - a wand of hasting (0)
Comestibles
 d - 2 bread rations
 h - 2 meat rations
 r - a chunk of hobgoblin flesh
Jewellery
 o - a +1 ring of intelligence {unknown}
 t - an uncursed ring of invisibility {unknown}
Potions
 e - 5 potions of might
 f - 2 potions of haste
 g - 2 potions of curing
 m - a potion of cancellation {unknown}
 n - 2 potions of agility {unknown}
 p - a potion of mutation {unknown}


   Skills:
 * Level 5.6 Fighting
 * Level 4.2 Maces & Flails
 * Level 5.5 Armour
 - Level 3.6 Shields


You had 4 spell levels left.
You didn't know any spells.

Dungeon Overview and Level Annotations

Branches:
Dungeon (4/15)
 Temple: D:4-7

Altars:
Dithmenos
Okawaru
Qazlal
Vehumet
Xom
Zin


Innate Abilities, Weirdness & Mutations

You reflexively headbutt those who attack you in melee.
You have a pair of horns on your head.


Message History

You block the orc's attack.
The orc priest hits you but does no damage.
The orc barely misses you.
You hit the orc.
You kill the orc!
Okawaru accepts your kill.
The orc priest hits you but does no damage.
The orc priest barely misses you. You furiously retaliate!
You headbutt the orc priest, but do no damage.
You barely miss the orc priest. You block the orc priest's attack.
The orc priest invokes the aid of Beogh against you.
You barely resist. You hit the orc priest. You headbutt the orc priest.
The orc priest is moderately wounded.
You block the orc priest's attack. The orc priest hits you.
* * * LOW HITPOINT WARNING * * *
You closely miss the orc priest.
The orc priest is moderately wounded.
You block the orc priest's attack. The orc priest hits you.
You die...

######### #...)....
#.####### #.# ##### #.#
#...# ###.###.#..
###############..........
#......o@)......#.####.##
#.#############.#.# #.##
#.......# #.#.####.##
#.......# #.#......##
#.).....# #####.#####..##
###..(....# #............#
#.........###.###.#####.##
#.#########..........##)###
#.#####.......###.##.##.##.


You could see an orc priest.

Vanquished Creatures
  Natasha (D:3)
  Jessica (D:2)
  14 adders
  A shadow imp (D:3)
  A giant gecko (D:1)
  2 orcs (D:3)
  3 ball pythons (D:2)
  2 bats (D:1)
  8 goblins
  9 hobgoblins
  3 jackals (D:1)
  3 kobolds
  A quokka (D:2)
  A giant cockroach (D:3)
  6 giant newts
  4 rats (D:1)
60 creatures vanquished.

Notes
Turn   | Place    | Note
--------------------------------------------------------------
     0 | D:1      | Heini, the Minotaur Fighter, began the quest for the Orb.
     0 | D:1      | Reached XP level 1. HP: 19/19 MP: 1/1
   155 | D:1      | Reached skill level 4 in Fighting
   155 | D:1      | Reached XP level 2. HP: 18/27 MP: 1/1
   663 | D:2      | Noticed Jessica
   676 | D:2      | Killed Jessica
   676 | D:2      | Reached XP level 3. HP: 32/34 MP: 2/2
   754 | D:2      | Reached XP level 4. HP: 23/41 MP: 2/2
   783 | D:2      | Reached skill level 5 in Fighting
   791 | D:2      | Reached skill level 5 in Armour
   878 | D:2      | Reached XP level 5. HP: 41/48 MP: 2/2
  1122 | D:2      | Found a stormy altar of Qazlal.
  1136 | D:2      | Found an iron altar of Okawaru.
  1140 | D:2      | Became a worshipper of Warmaster Okawaru
  1146 | D:2      | Found a radiant altar of Vehumet.
  1159 | D:2      | Found a glowing silver altar of Zin.
  1569 | D:3      | Found a shadowy altar of Dithmenos.
  1795 | D:3      | Noticed Natasha
  1800 | D:3      | Killed Natasha
  1898 | D:3      | Found a shimmering altar of Xom.
  2010 | D:4      | HP: 2/48 [orc priest/nerve-wracking pain (8)]
  2015 | D:3      | HP: 2/49 [orc priest (1)]
  2016 | D:3      | Slain by an orc priest

Action                   |  1- 3 |  4- 6 || total
-------------------------+-------+-------++-------
Melee: Flail             |    86 |    93 ||   179
  Use: Scroll            |       |     4 ||     4
  Eat: Chunk             |       |     4 ||     4
